 Dungeon Crawl Stone Soup version 0.24.1-14-gf8d2b509d9 (webtiles) character file.

Game seed: 13272648464074188394, levelgen mode: deterministic

119 Curus the Twirler (level 5, -1/30 HPs)
             Began as a Gargoyle Gladiator on May 29, 2020.
             Was an Initiate of Okawaru.
             Slain by a gnoll
             ... wielding a +0 spear
              (4 damage)
             ... on level 3 of the Dungeon.
             The game lasted 00:07:46 (1616 turns).

Curus the Twirler (Gargoyle Gladiator)              Turns: 1616, Time: 00:07:47

Health: -1/30      AC:  8    Str: 18    XL:     5   Next: 3%
Magic:  5/5        EV: 12    Int:  8    God:    Okawaru [......]
Gold:   103        SH:  0    Dex: 12    Spells: 4/4 levels left

rFire    . . .     SeeInvis .   a - +2 quarterstaff
rCold    . . .     Gourm    .   (shield currently unavailable)
rNeg     + . .     Faith    .   b - +0 leather armour
rPois    ∞         Spirit   .   c - +0 helmet
rElec    +         Reflect  .   (no cloak)
rCorr    .         Harm     .   (no gloves)
MR       .....                  (no boots)
Stlth    +.........             (no amulet)
HPRegen  0.10/turn              (no ring)
MPRegen  0.09/turn              (no ring)

@: no status effects
A: negative energy resistance 1, electricity resistance, unbreathing,
petrification resistance, rot immunity, AC +4
a: Renounce Religion


You were on level 3 of the Dungeon.
You worshipped Okawaru.
Okawaru was noncommittal.
You were not hungry.

You visited 1 branch of the dungeon, and saw 3 of its levels.

You collected 103 gold pieces.

Inventory:

Hand Weapons
 a - a +2 quarterstaff (weapon)
Missiles
 d - 3 throwing nets (quivered)
Armour
 b - a +0 leather armour (worn)
 c - a +0 helmet (worn)
Wands
 h - a wand of random effects (31)
Scrolls
 g - 4 scrolls of identify
Potions
 e - a potion of haste
 i - a potion of curing
Comestibles
 f - 2 rations


   Skills:
 - Level 2.1 Fighting
 + Level 5.5 Staves
 - Level 1.7 Throwing
 - Level 2.4 Dodging


You had 4 spell levels left.
You didn't know any spells.
Your spell library was empty.

Dungeon Overview and Level Annotations

Branches:
Dungeon (3/15)

Altars:
Okawaru


Innate Abilities, Weirdness & Mutations

You are resistant to torment.
Your stone body is resilient. (AC +4)
You are immune to poison.
You resist negative energy. (rN+)
You are resistant to electric shocks. (rElec)
You can survive without breathing.
You are immune to petrification.
You are immune to rotting.


Message History

The gnoll misses you.
You hit the gnoll.
The gnoll is moderately wounded.
The gnoll barely misses you. The gnoll closely misses you.
You sock the gnoll!
The gnoll is almost dead.
The gnoll barely misses you. x2
You completely miss the gnoll.
The gnoll is almost dead.
The gnoll misses you. The gnoll hits you with a +0 whip!
You barely miss the gnoll.
The gnoll is almost dead.
The gnoll hits you with a +0 spear!
* * * LOW HITPOINT WARNING * * *
The gnoll barely misses you. The gnoll barely misses you.
The gnoll hits you from afar with a +0 spear.
* * * LOW HITPOINT WARNING * * *
The gnoll hits you with a +0 spear.
You die...

#....[...).# ###
#..#.####### #..
#..#>......#### #.#
#..###.....≈g≈. #.#
#........†.≈≈≈. #.#
#..#..........8 #.#
#..##).....≈≈≈.
#.####..###.....≈g≈.
#..@gg.)# ##########
#######.# ..# ###


You could see 2 gnolls.

Vanquished Creatures
  An orc priest (D:3)
  A gnoll (D:3)
  3 adders
  An ooze (D:1)
  3 worms (D:2)
  A dart slug (D:2)
  2 leopard geckos
  2 orcs (D:3)
  3 goblins
  3 hobgoblins
  A quokka (D:2)
  5 bats
  3 frilled lizards
  8 kobolds
  3 rats
40 creatures vanquished.

Notes
Turn   | Place    | Note
-------+----------+-------------------------------------------
     0 | D:1      | Curus the Gargoyle Gladiator began the quest for the Orb.
     0 | D:1      | Reached XP level 1. HP: 12/12 MP: 1/1
    65 | D:1      | Reached XP level 2. HP: 15/17 MP: 2/2
   776 | D:2      | Reached skill level 4 in Staves
   776 | D:2      | Reached XP level 3. HP: 17/21 MP: 3/3
  1029 | D:2      | Reached XP level 4. HP: 26/26 MP: 4/4
  1512 | D:3      | Reached skill level 5 in Staves
  1573 | D:3      | Found an iron altar of Okawaru.
  1586 | D:3      | Became a worshipper of Warmaster Okawaru
  1604 | D:3      | Reached XP level 5. HP: 17/30 MP: 5/5
  1616 | D:3      | Slain by a gnoll

Levels and vault maps discovered:
D:1:      dpeg_arrival_shelter, layout_basic, wad_floor_pattern_2
D:2:      layout_basic, first_ration
D:3:      layout_basic, kennysheep_okawaru_gauntlet, serial_park_tiny_pond,
          uniq_terence

Skill      XL: |  1  2  3  4 |
---------------+-------------+-----
Staves         | 4 5 |  5.5
Fighting       | |  2.1
Throwing       | |  1.7
Dodging        | |  2.4

Action                   |  1- 3 |  4- 6 || total
-------------------------+-------+-------++-------
Melee: Quarterstaff      |    82 |    39 ||   121
  Use: Scroll            |     3 |     1 ||     4
       Potion            |     3 |     2 ||     5
  Eat: Ration            |       |     1 ||     1
Armor: Leather armour    |    27 |    12 ||    39
Dodge: Dodged            |    58 |    41 ||    99
